 Dungeon Crawl Stone Soup version 0.28.0-53-g5a82cb258f (webtiles) character file.

Game seed: 2228571802653768843

9 Woods the Insei (level 2, 20/23 HPs)
             Began as a Gnoll Transmuter on June 12, 2022.
             Quit the game on level 1 of the Dungeon.
             The game lasted 00:00:17 (378 turns).

Woods the Insei (Gnoll Transmuter)                   Turns: 378, Time: 00:00:18

Health: 20/23      AC:  2    Str:  9    XL:     2   Next: 12%
Magic:  7/7        EV: 13    Int: 12    God:
Gold:   14         SH:  0    Dex: 12    Spells: 9/10 levels left

rFire   . . .      SeeInvis .     - Unarmed
rCold   . . .      Faith    .   (no shield)
rNeg    . . .      Spirit   .   a - +0 robe
rPois   .          Reflect  .   (helmet currently unavailable)
rElec   .          Harm     .   (no cloak)
rCorr   .          Rampage  .   (no gloves)
Will    .....                   (boots currently unavailable)
Stlth   +.........              (no amulet)
HPRegen 0.07/turn               (no ring)
MPRegen 0.10/turn               (no ring)

@: appendages
A: horns 2, talons 2, fangs 1, strong nose, distributed training
a: End Transformation


You were on level 1 of the Dungeon.
You had temporarily grown beastly horns and talons.
You visited 1 branch of the dungeon, and saw 1 of its levels.

You collected 14 gold pieces.

Inventory:

Armour
 a - a +0 robe (worn)
Scrolls
 b - a scroll of teleportation {unknown}


   Skills:
 + Level 2.4 Fighting
 + Level 0.3 Short Blades
 + Level 0.3 Long Blades
 + Level 0.3 Axes
 + Level 0.3 Maces & Flails
 + Level 0.3 Polearms
 + Level 0.3 Staves
 + Level 0.3 Slings
 + Level 0.3 Bows
 + Level 0.3 Crossbows
 + Level 0.3 Throwing
 + Level 0.3 Armour
 + Level 4.4 Dodging
 + Level 0.3 Stealth
 + Level 0.3 Shields
 + Level 6.4 Unarmed Combat
 + Level 4.9 Spellcasting
 + Level 0.2 Conjurations
 + Level 0.2 Hexes
 + Level 0.2 Summonings
 + Level 0.2 Necromancy
 + Level 0.2 Translocations
 + Level 3.7 Transmutations
 + Level 0.2 Fire Magic
 + Level 0.2 Ice Magic
 + Level 0.2 Air Magic
 + Level 0.2 Earth Magic
 + Level 0.2 Poison Magic
 + Level 0.4 Invocations
 + Level 0.3 Evocations


You had 9 spell levels left.
You knew the following spells:

 Your Spells              Type           Power      Damage    Failure   Level
a - Beastly Appendage     Tmut           22%        N/A       4%          1

Your spell library contained the following spells:

 Spells                   Type           Power      Damage    Failure   Level
 Wereblood                Tmut           11%        N/A       7%          2
 Spider Form              Tmut/Pois      7%         N/A       26%         3
 Ice Form                 Ice/Tmut       7%         N/A       65%         4


Dungeon Overview and Level Annotations

Branches:
Dungeon (1/15)

Altars:


Innate Abilities, Weirdness & Mutations

You have temporarily grown beastly horns and talons.
You have very sharp teeth.
Your uncanny sense of smell can sniff out nearby items.
Your experience applies equally to all skills.


Message History

You barely miss the kobold. Your kick misses the kobold.
The hobgoblin hits you. The kobold hits you but does no damage.
You closely miss the kobold. You claw the kobold.
You kill the kobold!
The hobgoblin hits you.
You hit the hobgoblin but do no damage. You claw the hobgoblin.
The hobgoblin is moderately wounded.
The hobgoblin closely misses you.
You hit the hobgoblin. You headbutt the hobgoblin.
You kill the hobgoblin!
You have reached level 2!
Your transformation is almost over.
Your horns disappear.
Your talons disappear.
Key pressed, stopping explore.
You now have 14 gold pieces.
Things that are here:
a +0 dagger; 4 stones
b - a scroll labelled VAQ HIPSOKOTOU A kobold comes into view.
It is wielding a +0 club.
The kobold shouts!
A kobold is nearby!
Casting: Beastly Appendage (safe; 4% risk of failure)
Press: ? - help, Q - select action Dir - look around, f - activate You grow a pair of large bovine horns.
Your feet morph into talons.
An endoplasm comes into view.
You barely miss the kobold.
The endoplasm quivers.
You bite the kobold, but do no damage. The kobold hits you with a +0 club.
You barely miss the kobold. Your kick misses the kobold.
The kobold barely misses you.
You punch the kobold!
You kill the kobold!
The endoplasm hits you.
Things that are here:
a +0 club; a kobold corpse You hit the endoplasm.
The endoplasm is moderately wounded.
You hit the endoplasm but do no damage. You headbutt the endoplasm.
You kill the endoplasm!
Are you sure you want to abandon this character and quit the game? (Confirm with "yes".)

### #.. ..# #.# #.#
#.# #.# #.# #.#### #.#
#######.....
...####.##
#........###
.......$.####.#####.##
#@)...........#
##.####.####### #.#
#.# #.# #.# ... #.#
#.. ..# ## ###. ###
##. . ##.. ##..#


There were no monsters in sight!

Vanquished Creatures
  A ball python (D:1)
  A bat (D:1)
  An endoplasm (D:1)
  A hobgoblin (D:1)
  3 kobolds (D:1)
  A rat (D:1)
8 creatures vanquished.

Notes
Turn   | Place    | Note
-------+----------+-------------------------------------------
     0 | D:1      | Woods the Gnoll Transmuter began the quest for the Orb.
     0 | D:1      | Reached XP level 1. HP: 17/17 MP: 6/6
   153 | D:1      | Reached XP level 2. HP: 12/23 MP: 5/7
   378 | D:1      | Quit the game

Illustrated notes

Levels and vault maps discovered:
D:1:      dpeg_arrival_central, layout_loops_ring, ebering_ecumenical_altar_webs

Action                   || total
-------------------------++-------
Melee: Unarmed           ||    18
       Bite              ||     3
       Kick              ||     2
       Headbutt          ||     2
 Cast: Beastly Appendage ||     6
Armor: Robe              ||     3
Dodge: Dodged            ||    11
